 Dungeon Crawl Stone Soup version 0.30.1-3-gfc49f6343a (webtiles) character file.

Game seed: 3503424553690658041

142 bpung the Covered (level 5, -1/33 HPs)
             Began as a Gargoyle Fighter on Aug 2, 2023.
             Was an Initiate of Yredelemnul.
             Killed by divine providence
             ... invoked by an orc priest
              (15 damage)
             ... on level 4 of the Dungeon.
             The game lasted 00:05:16 (2537 turns).

bpung the Covered (Gargoyle Fighter)                Turns: 2537, Time: 00:05:17

Health: -1/33      AC: 13    Str: 22    XL:     5   Next: 25%
Magic:  5/5        EV:  8    Int:  8    God:    Yredelemnul [......]
Gold:   162        SH:  4    Dex:  9    Spells: 4/4 levels left

rFire   . . .        a - +1 flail
rCold   . . .        c - +0 buckler
rNeg    + . .        i - +0 chain mail
rPois   ∞            (no helmet)
rElec   +            (no cloak)
rCorr   .            (no gloves)
SInv    +            (no boots)
Will    .....        (no amulet) Stlth
                     j - ring of see invisible
HPRegen 0.25/turn    (no ring)
MPRegen 0.09/turn

%: no passive effects
@: no status effects
A: sickness immunity, AC +4, negative energy resistance 1, electricity
resistance, torment resistance 1, petrification resistance
a: Renounce Religion, Recall Undead Harvest


You were on level 4 of the Dungeon.
You worshipped Yredelemnul.
Yredelemnul was noncommittal.
You visited 1 branch of the dungeon, and saw 4 of its levels.

You collected 162 gold pieces.

Inventory:

Hand Weapons
 a - a +1 flail (weapon)
Missiles
 b - a throwing net (quivered)
Armour
 c - a +0 buckler (worn)
 i - a +0 chain mail (worn)
Jewellery
 j - a ring of see invisible (left hand)
Scrolls
 e - 2 scrolls of identify
 k - a scroll of magic mapping {unknown}
Potions
 d - a potion of might
 f - 2 potions of lignification
 g - a potion of curing
 h - a potion of mutation {unknown}
 n - 2 potions of cancellation


   Skills:
 + Level 4.2 Fighting
 + Level 3.1 Maces & Flails
 + Level 4.2 Armour
 + Level 4.2 Shields
 + Level 0.0 Invocations


You had 4 spell levels left.
You didn't know any spells.
Your spell library contained the following spells:

 Spells                   Type           Power      Damage    Failure   Level
 Blink                    Tloc           0%         N/A       99%         2
 Lesser Beckoning         Tloc           0%         N/A       99%         2
 Momentum Strike          Conj/Tloc      0%         3d8       99%         2


Dungeon Overview and Level Annotations

Branches:
Dungeon (4/15)
 Temple: D:4-7

Altars:
Cheibriados
Nemelex Xobeh
Wu Jian
Yredelemnul


Innate Abilities, Weirdness & Mutations

You are immune to sickness and miasma.
Your stone body is resilient. (AC +4)
You are immune to poison.
You resist negative energy. (rN+)
You are resistant to electric shocks. (rElec)
You are resistant to unholy torment.
You are immune to petrification.


Message History

Found a stone staircase leading up.
You swap places.
You swap places.
You swap places.
You swap places.
You swap places.
You swap places.
You swap places.
You swap places.
You swap places.
You open the door.
Found two altars.
You swap places.
Done exploring.
Done exploring.
(D) Dungeon
Where to? (Enter - D:3, ? - help)
You swap places.
You swap places.
You swap places.
You swap places.
You swap places.
You swap places.
There is a stone staircase leading down here.
You climb downwards.
The orc shouts!
The orc priest shouts!
The orc shouts!
Found a dagger and a scroll labelled JUYRHI OLY ABLAMN.
There is a stone staircase leading up here.
There are monsters nearby!
There are monsters nearby!
You hit the orc.
The orc is almost dead.
The orc hits you with a +0 dagger.
The orc priest invokes the aid of Beogh against you.
Beogh smites you! The orc hits you but does no damage.
The orc hits you but does no damage.
The orc priest invokes the aid of Beogh against you.
Beogh smites you!
You die...
Your body rises from the dead as a mindless zombie.

##### #...# #
#.#.#.# #
...#.# .
###.##..#.###..
...............
#.....o...#
#).@oo.+
##.....#
...w.......
?.##.....####
... #.....# ..
#.....# .
#.....# #.....#


You could see a worm, an orc priest and 2 orcs.

Vanquished Creatures
  4 gnolls
  5 adders
  A worm (D:3)
  2 dart slugs (D:1)
  5 ball pythons
  A bat (D:2)
  7 endoplasms
  5 goblins
  6 hobgoblins
  3 jackals (D:1)
  A quokka (D:2)
  3 frilled lizards
  3 kobolds
  4 rats
50 creatures vanquished.

Vanquished Creatures (collateral kills)
  A ball python (D:3)
  A bat (D:3)
2 creatures vanquished.

Vanquished Creatures (others)
  An adder zombie (D:2)
  2 bat zombies
  A gnoll zombie (D:2)
  A goblin zombie (D:2)
  A kobold zombie (D:2)
  A rat zombie (D:2)
7 creatures vanquished.

Grand Total: 59 creatures vanquished

Notes
Turn   | Place    | Note
-------+----------+-------------------------------------------
     0 | D:1      | bpung the Gargoyle Fighter began the quest for the Orb.
     0 | D:1      | Reached XP level 1. HP: 14/14 MP: 1/1
   151 | D:1      | Reached XP level 2. HP: 12/19 MP: 2/2
   429 | D:1      | Reached XP level 3. HP: 23/23 MP: 3/3
   702 | D:2      | Found a basalt altar of Yredelemnul.
   709 | D:2      | Became a worshipper of Yredelemnul the Dark
   803 | D:2      | Reached * piety under Yredelemnul
   931 | D:2      | Reached XP level 4. HP: 14/29 MP: 4/4
  1668 | D:3      | Reached XP level 5. HP: 33/33 MP: 5/5
  2263 | D:3      | Found an ornate altar of the Wu Jian Council.
  2315 | D:3      | Reached ** piety under Yredelemnul
  2411 | D:3      | Found a snail-covered altar of Cheibriados.
  2411 | D:3      | Found a sparkling altar of Nemelex Xobeh.
  2537 | D:4      | Killed from afar by an orc priest

Illustrated notes

Levels and vault maps discovered:
D:1:      lightli_arrival_isolated_outpost, layout_basic
D:2:      layout_loops_ring, basic_altar
D:3:      layout_basic, mainiacjoe_overflow_alcove_4,
          gammafunk_temple_overflow_statue
D:4:      layout_basic, chequers_temple_overflow_statue_of_worship, uniq_ijyb,
          uniq_grinder, uniq_pikel

Skill      XL: |  1  2  3  4 |
---------------+-------------+-----
Fighting       | 4 |  4.2
Armour         | 4 |  4.2
Shields        | 4 |  4.2
Maces & Flails | 3 |  3.1

Action                     |  1- 3 |  4- 6 || total
---------------------------+-------+-------++-------
  Melee: Flail             |    86 |   103 ||   189
    Use: Scroll            |       |     6 ||     6
         Potion            |       |     4 ||     4
 Armour: Scale mail        |    44 |    31 ||    75
         Chain mail        |       |    12 ||    12
  Dodge: Dodged            |    38 |    61 ||    99
  Block: Buckler           |    22 |    21 ||    43
